 Dungeon Crawl Stone Soup version 0.24.0-2-g5b39cebb1c (webtiles) character file.

Game seed: 15056874403240768670, levelgen mode: deterministic

117 Esekla the Skirmisher (level 5, -1/37 HPs)
             Began as an Octopode Abyssal Knight on Oct 30, 2019.
             Was a Follower of Lugonu.
             Slain by a goblin (3 damage)
             ... on level 1 of the Dungeon.
             The game lasted 00:05:30 (199 turns).

Esekla the Skirmisher (Octopode Abyssal Knight)      Turns: 199, Time: 00:05:30

Health: -1/37      AC:  1    Str: 11    XL:     5   Next: 1%
Magic:  6/6        EV: 14    Int: 15    God:    Lugonu [*.....]
Gold:   47         SH:  0    Dex: 12    Spells: 4/4 levels left

rFire    . . .     SeeInvis .   a - +1 falchion
rCold    . . .     Gourm    .   (no shield)
rNeg     . . .     Faith    .   (helmet restricted)
rPois    .         Spirit   .   (no amulet)
rElec    .         Reflect  .   (no ring)
rCorr    .         Harm     .   (no ring)
MR       .....                  (no ring)
Stlth    ++........             (no ring)
HPRegen  0.00/turn              (no ring)
MPRegen  0.10/turn              (no ring)
                                (no ring)
                                (no ring)

@: non-regenerating, diseased, hasted, very quick
A: almost no armour, stealthy swim, amphibious, 8 rings, constrict 8, camouflage
1, gelatinous body 1
a: Depart the Abyss, Renounce Religion


You were on level 1 of the Dungeon.
You worshipped Lugonu.
Lugonu was aware of your devotion.
You were not hungry.

You visited 1 branch of the dungeon, and saw 1 of its levels.
You visited the Abyss 1 time.

You collected 47 gold pieces.

Inventory:

Hand Weapons
 a - a +1 falchion (weapon)
Wands
 e - a wand of flame (11)
Scrolls
 d - a scroll of summoning {unknown}
 g - a scroll of enchant weapon {unknown}
Miscellaneous
 f - a phial of floods (inert)
Comestibles
 b - 3 rations


   Skills:
 + Level 4.3 Fighting
 * Level 3.0 Long Blades
 + Level 3.1 Dodging
 + Level 2.3 Invocations
 + Level 0.2 Evocations


You had 4 spell levels left.
You didn't know any spells.
Your spell library was empty.

Dungeon Overview and Level Annotations

Branches:
Dungeon (1/15)

Altars:


Innate Abilities, Weirdness & Mutations

You cannot wear most types of armour.
You are very stealthy in the water. (Stealth+)
You are amphibious.
You can wear up to eight rings at the same time.
You can use your tentacles to constrict eight enemies at once.
Your skin changes colour to match your surroundings (Stealth+).
Your rubbery body absorbs attacks. (AC +1, EV +1)


Message History

Lugonu accepts your kill. What are your orders? t - Shout!
Orders for allies: a - Attack new target. p - Attack previous target. r - Retreat! s - Stop attacking. g - Guard the area. f - Follow me.
Anything else - Cancel.
Gang up on whom?
Press: ? - help, Dir - move target cursor, f/p - ancient zyme
Aim: an ancient zyme (lightly damaged) Attack!
Your water elemental hits the ancient zyme!
A goblin comes into view.
Found a scroll labeled ABIRRAJUAS.
You barely miss the goblin. Your grab misses the goblin.
Your squeeze misses the goblin. The goblin misses you.
You closely miss the goblin. Your grab misses the goblin.
A bat comes into view.
You feel ill. The goblin hits you.
You die...

#. #.# ### # .. ..# #.#
#.###)# ... #.#.#.# ..#
###.†...##########...#?#
#.#.#†.....E.x..@g.b....
.#.#≈#..##########...#.#
#.#≈#≈#.# ....# #<#.#..#
#### #.#.#.#.# .#.#.##.#
#.#.#.#.# .#.# ##.#


You could see an ancient zyme, a goblin, a bat and a friendly water elemental.

Vanquished Creatures (collateral kills)
  A golden eye (Abyss:3)
  An ufetubus (Abyss:3)
  A bat (D:1)
  A giant cockroach (D:1)
  A hobgoblin (D:1)
5 creatures vanquished.

Notes
Turn   | Place    | Note
-------+----------+-------------------------------------------
     0 | Abyss:1  | Esekla the Octopode Abyssal Knight began the quest for the
                  | Orb.
     0 | Abyss:1  | Reached XP level 1. HP: 16/16 MP: 2/2
    31 | Abyss:1  | Noticed a smoke demon
    95 | Abyss:3  | Noticed a thrashing horror
   130 | Abyss:3  | Noticed a hellwing
   161 | Abyss:3  | Noticed a golden eye
   162 | Abyss:3  | Noticed an ancient zyme
   162 | Abyss:3  | Noticed a hungry ghost
   168 | Abyss:3  | Killed a golden eye
   168 | Abyss:3  | Reached skill level 4 in Fighting
   168 | Abyss:3  | Reached XP level 2. HP: 22/22 MP: 3/3
   168 | Abyss:3  | Reached XP level 3. HP: 27/27 MP: 4/4
   168 | Abyss:3  | Reached XP level 4. HP: 33/33 MP: 5/5
   170 | Abyss:3  | Reached XP level 5. HP: 34/37 MP: 6/6
   171 | D:1      | Escaped the Abyss
   199 | D:1      | Slain by a goblin

Levels and vault maps discovered:
D:1:      lightli_arrival_chessboard, layout_loops_corners

Skill      XL: |  1 |
---------------+----+-----
Fighting       | 4 |  4.3
Long Blades    | 3 |  3.0
Dodging        | 3 |  3.1
Invocations    | |  2.3
Evocations     | |  0.2

Action                   |  1- 3 |  4- 6 || total
-------------------------+-------+-------++-------
Melee: Falchion          |       |     4 ||     4
Evoke: Phial of floods   |     1 |     1 ||     2
  Use: Potion            |       |     1 ||     1
Dodge: Dodged            |       |    11 ||    11
